Griffins vs Wolves

Created - Thursday, March 05, 2015 at 00:50

Goals
1 2 3 T
Griffins 0 0 1 1
Wolves 1 0 2 3
Shots
1 2 3 T
Griffins 10 5 7 22
Wolves 11 4 13 28

1st period

1. Wolves , Aaron Volpatti 10 (Landon Ferraro) at 19:48

Penalties :
Daniel Carcillo (CHI) for Boarding (Minor) at 1:04, Jared Boll (CHI) for Interference (Minor) at 3:12, Daniel Carcillo (CHI) for Fighting (Major) at 9:43, Ben Eager (GRG) for Fighting (Major) at 9:43, Kellan Lain (GRG) for Hooking (Minor) at 17:26

2nd period

No Goal

Penalties :
Christian Hanson (CHI) for Fighting (Major) at 2:57, Ben Eager (GRG) for Fighting (Major) at 2:57, Daniel Carcillo (CHI) for Fighting (Major) at 7:12, Kellan Lain (GRG) for Fighting (Major) at 7:12, Kellan Lain (GRG) for instigated a fight (Minor) at 7:12, Kellan Lain (GRG) for instigated a fight (10 Minutes Misconduct) at 7:12, Daniel Carcillo (CHI) for Fighting (Major / Game Misconduct) at 13:19, Ben Eager (GRG) for Fighting (Major / Game Misconduct) at 13:19, Daniel Carcillo (CHI) for instigated a fight (Minor) at 13:19, Daniel Carcillo (CHI) for instigated and being the aggresor in a fight (20 Minutes Game Misconduct) at 13:19

3rd period

2. Wolves , Yannick Weber 43 (Corbin McPherson) at 1:52 (PP)
3. Wolves , Ben Hanowski 2 (Yannick Weber, Corbin McPherson) at 5:57
4. Griffins , John McFarland 8 (Paul Thompson) at 6:22

Penalties :
Paul Thompson (GRG) for Hooking (Minor) at 0:36, Dane Byers (CHI) for Hooking (Minor) at 2:57, Aaron Volpatti (CHI) for Fighting (Major) at 6:16, Kellan Lain (GRG) for Fighting (Major) at 6:16, Jared Boll (CHI) for Fighting (Major) at 6:34, Akim Aliu (GRG) for Fighting (Major) at 6:34, Christian Hanson (CHI) for Fighting (Major) at 8:29, Mitchell Heard (GRG) for Fighting (Major) at 8:29, Mitchell Heard (GRG) for instigated a fight (Minor) at 8:29, Mitchell Heard (GRG) for instigated a fight (10 Minutes Misconduct) at 8:29, Aaron Volpatti (CHI) for Fighting (Major) at 15:05, Matt Marquardt (GRG) for Fighting (Major) at 15:05

Goalie Stats

Jeff Deslauriers (GRG), 25 saves from 28 shots - (0.893), L, 27-21-7, 60:00 minutes
Scott Wedgewood (CHI), 21 saves from 22 shots - (0.955), W, 22-10-9, 60:00 minutes

Players Stats for Griffins

Player Name              G  A  P  +/- PIM S  H  SB GA TA FO     MP     PP MP  PK MP  
------------------------------------------------------------------------------------
Akim Aliu                0  0  0  -1  5   2  1  0  2  0  4/5    16:53   0:00   2:17 
Ben Eager                0  0  0   0  25  1  0  0  1  1  0/1    10:18   2:14   1:41 
Corey Trivino            0  0  0   0  0   0  0  0  0  0  0/0     0:32   0:00   0:00 
Derek Meech              0  0  0   1  0   0  4  2  1  1  0/0    26:46   3:43   2:37 
Farm Player15            0  0  0   0  0   0  0  0  0  0  0/1     9:46   0:00   4:09 
John Albert              0  0  0   0  0   1  2  1  2  0  3/6    10:10   0:00   1:53 
John McFarland           1  0  1   0  0   3  1  0  4  1  0/0    18:29   3:38   0:21 
Kellan Lain              0  0  0  -1  24  2  1  0  1  0  1/6    14:09   2:41   0:00 
Mark Alt                 0  0  0   1  0   1  1  1  0  5  0/0    27:38   3:43   2:37 
Mark Mancari             0  0  0   0  0   1  0  0  5  0  0/1    26:15   4:18   3:48 
Matt Marquardt           0  0  0   0  5   3  2  1  4  1  4/10   15:20   4:18   0:00 
Maxim Shalunov           0  0  0   0  0   0  0  0  1  0  0/0     0:56   0:00   0:00 
Mike Angelidis           0  0  0   0  0   2  4  0  2  2  0/0    20:17   3:38   0:21 
Mike Cornell             0  0  0  -2  0   1  3  1  2  1  0/0    19:29   0:00   4:36 
Mitchell Heard           0  0  0  -1  17  3  1  1  2  0  5/11   11:43   1:08   0:00 
Patrick Wellar           0  0  0  -1  0   0  1  0  0  1  0/0    16:38   4:13   1:13 
Paul Thompson            0  1  1   0  2   0  4  0  1  0  4/7    19:12   1:53   0:00 
Tyler Eckford            0  0  0  -1  0   2  2  1  0  1  0/0    28:05   4:13   3:23 

Players Stats for Wolves

Player Name              G  A  P  +/- PIM S  H  SB GA TA FO     MP     PP MP  PK MP  
------------------------------------------------------------------------------------
Aaron Volpatti           1  0  1   1  10  3  1  0  2  0  0/0    12:04   1:48   0:00 
Ben Hanowski             1  0  1   1  0   3  2  0  3  1  0/0    13:09   1:04   0:00 
Cedric Paquette          0  0  0   0  0   0  3  0  0  0  8/12   15:46   4:04   0:10 
Chris Terry              0  0  0   0  0   4  2  1  2  4  1/1    21:48   4:04   5:27 
Christian Hanson         0  0  0   1  10  2  0  0  0  0  2/5     9:50   0:00   0:00 
Corbin McPherson         0  2  2   1  0   0  0  1  0  1  0/0    20:45   3:00   3:46 
Dane Byers               0  0  0   1  2   0  3  0  4  0  0/0    11:20   0:00   0:00 
Daniel Carcillo          0  0  0   0  49  0  1  0  3  0  0/0     7:51   1:01   1:20 
Jared Boll               0  0  0  -1  7   0  4  0  0  0  0/0    16:34   1:52   1:09 
Jordan Schroeder         0  0  0  -1  0   2  1  0  4  0  9/16   16:19   3:09   0:00 
Kent Huskins             0  0  0  -1  0   2  3  2  0  3  0/0    27:22   4:13   4:10 
Landon Ferraro           0  1  1   1  0   0  2  0  0  0  3/8    12:42   0:00   2:19 
Mark Pysyk               0  0  0  -1  0   2  1  3  0  0  0/0    27:22   4:13   4:10 
Michael Caruso           0  0  0   1  0   0  0  1  0  1  0/0    11:52   0:00   0:00 
Ryane Clowe              0  0  0  -1  0   4  1  0  3  0  3/5    21:46   3:09   5:27 
Scott Glennie            0  0  0   1  0   0  0  0  0  0  1/1    12:41   1:28   0:00 
Yann Sauve               0  0  0   1  0   1  0  0  0  0  0/0    11:52   0:00   0:00 
Yannick Weber            1  1  2   1  0   5  2  1  2  2  0/0    20:45   3:00   3:46 

3 Stars

1 - Yannick Weber (CHI)
2 - Scott Wedgewood (CHI)
3 - Ben Hanowski (CHI)

Power Play

Griffins - 0 on 4 Attempt(s) - 0.00%
Wolves - 1 on 4 Attempt(s) - 25.00%

Penalty Kill

Griffins - 3 on 4 Attempt(s) - 75.00% - Score 0 goal in Penalty Kill
Wolves - 4 on 4 Attempt(s) - 100.00% - Score 0 goal in Penalty Kill

Team Stat

Griffins - Hits : 27 - Faceoff Wins : 21 - Blocked Shots : 8 - Penalty Minutes : 78
Wolves - Hits : 26 - Faceoff Wins : 27 - Blocked Shots : 9 - Penalty Minutes : 78

Official

Referees : Unknown
Linesman : Unknown

Game Notes

Daniel Carcillo and Ben Eager fight to a draw at 9:43 of 1st period
Christian Hanson beats up Ben Eager at 2:57 of 2nd period
Daniel Carcillo beats up Kellan Lain at 7:12 of 2nd period
Ben Eager beats up Daniel Carcillo at 13:19 of 2nd period
Daniel Carcillo ejected from game at 13:19 of 2nd period
Ben Eager ejected from game at 13:19 of 2nd period
Ben Eager from Griffins is suspended for 1 game(s)
Daniel Carcillo ejected from game at 13:19 of 2nd period
Kellan Lain beats up Aaron Volpatti at 6:16 of 3rd period
Jared Boll and Akim Aliu fight to a draw at 6:34 of 3rd period
Christian Hanson beats up Mitchell Heard at 8:29 of 3rd period
Aaron Volpatti beats up Matt Marquardt at 15:05 of 3rd period
Michael Caruso is injured at 17:24 of 3rd period (Left Knee)

Finance

Level 1 -- Attendance: 1536 (76.80%) -- Ticket Income $53,760
Level 2 -- Attendance: 783 (78.30%) -- Ticket Income $11,745
Total Attendance: 2319 (77.30%)
Total Ticket Income: $65,505
Other Income: $32,097
Total Income: $97,602

Griffins

5 vs 5 Forward 
   Center                   Left Wing                Right Wing               Time % Phy DF OF 
 1 Matt Marquardt           Ben Eager                Mark Mancari             35     1   2  2  
 2 Kellan Lain              Mike Angelidis           John McFarland           30     1   2  2  
 3 Mitchell Heard           Ben Eager                Paul Thompson            22     1   2  2  
 4 John Albert              Mark Mancari             Akim Aliu                13     1   2  2  

5 vs 5 Defense 
   Defense                  Defense                                           Time % Phy DF OF 
 1 Tyler Eckford            Mike Cornell                                      35     1   2  2  
 2 Derek Meech              Mark Alt                                          30     1   2  2  
 3 Tyler Eckford            Patrick Wellar                                    22     1   2  2  
 4 Derek Meech              Mark Alt                                          13     1   2  2  

PowerPlay Forward 
   Center                   Left Wing                Right Wing               Time % Phy DF OF 
 1 Matt Marquardt           Ben Eager                Mark Mancari             60     1   2  2  
 2 Kellan Lain              Mike Angelidis           John McFarland           40     1   2  2  

PowerPlay Defense
   Defense                  Defense                                           Time % Phy DF OF 
 1 Tyler Eckford            Patrick Wellar                                    60     1   2  2  
 2 Derek Meech              Mark Alt                                          40     1   2  2  

Penalty Kill 4 Players Forward 
   Center                   Wing                     Time % Phy DF OF 
 1 Ben Eager                Mark Mancari             60     1   2  2  
 2 John McFarland           Mike Angelidis           40     1   2  2  

Penalty Kill 4 Players Defense
   Defense                  Defense                  Time % Phy DF OF 
 1 Tyler Eckford            Mike Cornell             60     1   2  2  
 2 Derek Meech              Mark Alt                 40     1   2  2  

Penalty Kill - 3 Players Forward 
   Forward                                           Time % Phy DF OF 
 1 Ben Eager                                         60     1   2  2  
 2 Mark Mancari                                      40     1   2  2  

Penalty Kill - 3 Players Defense
   Defense                  Defense                  Time % Phy DF OF 
 1 Tyler Eckford            Patrick Wellar           60     1   2  2  
 2 Derek Meech              Mark Alt                 40     1   2  2  

4 vs 4 Forward 
   Center                   Wing                     Time % Phy DF OF 
 1 Ben Eager                Mark Mancari             60     1   2  2  
 2 John McFarland           Mike Angelidis           40     1   2  2  

4 vs 4 Defense
   Defense                  Defense                  Time % Phy DF OF 
 1 Patrick Wellar           Tyler Eckford            60     1   2  2  
 2 Derek Meech              Mark Alt                 40     1   2  2  

Last Minutes Offensive
   Center                   Left Wing                Right Wing               Defense                  Defense                  
   Matt Marquardt           Ben Eager                Mark Mancari             Mark Alt                 Derek Meech              

Last Minutes Defensive
   Center                   Left Wing                Right Wing               Defense                  Defense                  
   Matt Marquardt           Ben Eager                Mark Mancari             Mark Alt                 Derek Meech              

Goaltenders
Starting : Jeff Deslauriers         
Backup : Scott Stajcer            

Extra Forwards
Normal : Paul Thompson, Mitchell Heard, Akim Aliu - PP : Paul Thompson, Mitchell Heard - PK : Akim Aliu
Extra Defensemen
Normal : Tyler Eckford, Patrick Wellar, Derek Meech - PP : Tyler Eckford - PK : Patrick Wellar, Derek Meech
Penalty Shots
Ben Eager, Mark Mancari, John McFarland, Mike Angelidis, Matt Marquardt

Wolves

5 vs 5 Forward 
   Center                   Left Wing                Right Wing               Time % Phy DF OF 
 1 Jordan Schroeder         Ryane Clowe              Jared Boll               35     1   2  2  
 2 Cedric Paquette          Chris Terry              Daniel Carcillo          30     1   2  2  
 3 Landon Ferraro           Aaron Volpatti           Scott Glennie            22     1   2  2  
 4 Christian Hanson         Dane Byers               Ben Hanowski             13     1   2  2  

5 vs 5 Defense 
   Defense                  Defense                                           Time % Phy DF OF 
 1 Mark Pysyk               Kent Huskins                                      35     1   2  2  
 2 Yannick Weber            Corbin McPherson                                  30     1   2  2  
 3 Yann Sauve               Michael Caruso                                    22     1   2  2  
 4 Mark Pysyk               Kent Huskins                                      13     1   2  2  

PowerPlay Forward 
   Center                   Left Wing                Right Wing               Time % Phy DF OF 
 1 Jordan Schroeder         Ryane Clowe              Jared Boll               60     1   2  2  
 2 Cedric Paquette          Chris Terry              Daniel Carcillo          40     1   2  2  

PowerPlay Defense
   Defense                  Defense                                           Time % Phy DF OF 
 1 Mark Pysyk               Kent Huskins                                      60     1   2  2  
 2 Yannick Weber            Corbin McPherson                                  40     1   2  2  

Penalty Kill 4 Players Forward 
   Center                   Wing                     Time % Phy DF OF 
 1 Ryane Clowe              Chris Terry              60     1   2  2  
 2 Jared Boll               Daniel Carcillo          40     1   2  2  

Penalty Kill 4 Players Defense
   Defense                  Defense                  Time % Phy DF OF 
 1 Mark Pysyk               Kent Huskins             60     1   2  2  
 2 Yannick Weber            Corbin McPherson         40     1   2  2  

Penalty Kill - 3 Players Forward 
   Forward                                           Time % Phy DF OF 
 1 Ryane Clowe                                       60     1   2  2  
 2 Chris Terry                                       40     1   2  2  

Penalty Kill - 3 Players Defense
   Defense                  Defense                  Time % Phy DF OF 
 1 Mark Pysyk               Kent Huskins             60     1   2  2  
 2 Yannick Weber            Corbin McPherson         40     1   2  2  

4 vs 4 Forward 
   Center                   Wing                     Time % Phy DF OF 
 1 Ryane Clowe              Chris Terry              60     1   2  2  
 2 Jared Boll               Daniel Carcillo          40     1   2  2  

4 vs 4 Defense
   Defense                  Defense                  Time % Phy DF OF 
 1 Mark Pysyk               Kent Huskins             60     1   2  2  
 2 Yannick Weber            Corbin McPherson         40     1   2  2  

Last Minutes Offensive
   Center                   Left Wing                Right Wing               Defense                  Defense                  
   Jordan Schroeder         Ryane Clowe              Jared Boll               Mark Pysyk               Kent Huskins             

Last Minutes Defensive
   Center                   Left Wing                Right Wing               Defense                  Defense                  
   Jordan Schroeder         Ryane Clowe              Jared Boll               Mark Pysyk               Kent Huskins             

Goaltenders
Starting : Scott Wedgewood          
Backup : Farm Player93            

Extra Forwards
Normal : Aaron Volpatti, Scott Glennie, Landon Ferraro - PP : Aaron Volpatti, Scott Glennie - PK : Landon Ferraro
Extra Defensemen
Normal : Yann Sauve, Michael Caruso, Yannick Weber - PP : Yann Sauve - PK : Michael Caruso, Yannick Weber
Penalty Shots
Ryane Clowe, Chris Terry, Jared Boll, Daniel Carcillo, Jordan Schroeder

% Time on Ice - Griffins

Lines # - Real PCT - Wanted PCT - Time Play
Normal Forward
1 - 33% - 35% - 14:43
2 - 32% - 30% - 14:30
3 - 24% - 22% - 10:35
4 - 11% - 13% - 5:03
Normal Defense
1 - 33% - 35% - 14:54
2 - 33% - 30% - 14:46
3 - 22% - 22% - 9:41
4 - 12% - 13% - 5:30
PP Forward
1 - 54% - 60% - 4:18
2 - 46% - 40% - 3:38
PP Defense
1 - 53% - 60% - 4:13
2 - 47% - 40% - 3:43
PK Forward
1 - 95% - 60% - 6:52
2 - 5% - 40% - 0:21
PK Defense
1 - 64% - 60% - 4:36
2 - 36% - 40% - 2:37
PK3 Forward
1 - 0% - 60%
2 - 0% - 40%
PK3 Defense
1 - 0% - 60%
2 - 0% - 40%
44 Forward
1 - 0% - 60%
2 - 0% - 40%
44 Defense
1 - 0% - 60%
2 - 0% - 40%
Last Minute Offensive  - 0:00
Last Minute Defensive  - 0:00
Total
Forward - 60:00
Defense - 60:00

% Time on Ice - Wolves

Lines # - Real PCT - Wanted PCT - Time Play
Normal Forward
1 - 29% - 35% - 13:10
2 - 28% - 30% - 12:36
3 - 18% - 22% - 8:08
4 - 24% - 13% - 10:57
Normal Defense
1 - 32% - 35% - 14:26
2 - 31% - 30% - 13:59
3 - 26% - 22% - 11:53
4 - 10% - 13% - 4:33
PP Forward
1 - 44% - 60% - 3:09
2 - 56% - 40% - 4:04
PP Defense
1 - 58% - 60% - 4:13
2 - 42% - 40% - 3:00
PK Forward
1 - 73% - 60% - 5:49
2 - 27% - 40% - 2:07
PK Defense
1 - 53% - 60% - 4:10
2 - 47% - 40% - 3:46
PK3 Forward
1 - 0% - 60%
2 - 0% - 40%
PK3 Defense
1 - 0% - 60%
2 - 0% - 40%
44 Forward
1 - 0% - 60%
2 - 0% - 40%
44 Defense
1 - 0% - 60%
2 - 0% - 40%
Last Minute Offensive  - 0:00
Last Minute Defensive  - 0:00
Total
Forward - 60:00
Defense - 60:00

Play by Play

1st period


0:01 of 1st period - Jordan Schroeder wins face-off versus Matt Marquardt in neutral zone.
0:04 of 1st period - Mark Mancari is hit by Mark Pysyk and loses puck.
0:16 of 1st period - Off-side.
0:17 of 1st period - Matt Marquardt wins face-off versus Jordan Schroeder in neutral zone.
0:32 of 1st period - Snap shot by Ben Eager.
0:32 of 1st period - Deflect By Mark Mancari.
0:32 of 1st period - Shot Misses the Net.
0:32 of 1st period - Puck is out of play.
0:33 of 1st period - Cedric Paquette wins face-off versus Kellan Lain in Wolves zone.
0:38 of 1st period - Mark Alt is hit by Daniel Carcillo and loses puck.
1:04 of 1st period - Minor Penalty to Daniel Carcillo for Boarding.
1:05 of 1st period - Ryane Clowe wins face-off versus Matt Marquardt in Wolves zone.
1:59 of 1st period - Tyler Eckford is hit by Jared Boll and loses puck.
2:10 of 1st period - Corbin McPherson is hit by Tyler Eckford and loses puck.
2:48 of 1st period - Corbin McPherson is hit by Patrick Wellar and loses puck.
3:04 of 1st period - Penalty to Daniel Carcillo is over, Daniel Carcillo is back on ice.
3:12 of 1st period - Minor Penalty to Jared Boll for Interference.
3:13 of 1st period - Matt Marquardt wins face-off versus Landon Ferraro in Wolves zone.
3:17 of 1st period - Snap shot by Ben Eager.
3:17 of 1st period - Stopped by Scott Wedgewood with a rebound.
3:19 of 1st period - Snap shot by Mark Mancari.
3:19 of 1st period - Shot Misses the Net.
3:21 of 1st period - Slapshot by Matt Marquardt.
3:21 of 1st period - Shot Blocked by Kent Huskins.
3:23 of 1st period - Wrist shot by Matt Marquardt.
3:23 of 1st period - Stopped by Scott Wedgewood with a rebound.
4:38 of 1st period - Slapshot by Yannick Weber.
4:38 of 1st period - Shot Blocked by Derek Meech.
5:12 of 1st period - Penalty to Jared Boll is over, Jared Boll is back on ice.
5:26 of 1st period - Snap shot by Mitchell Heard.
5:26 of 1st period - Shot Blocked by Yannick Weber.
5:28 of 1st period - Snap shot by Mike Cornell.
5:28 of 1st period - Stopped by Scott Wedgewood without a rebound.
5:29 of 1st period - Mitchell Heard wins face-off versus Christian Hanson in Wolves zone.
5:30 of 1st period - Wrist shot by Paul Thompson.
5:30 of 1st period - Shot Misses the Net.
5:45 of 1st period - Wrist shot by Akim Aliu.
5:45 of 1st period - Stopped by Scott Wedgewood with a rebound.
5:47 of 1st period - Snap shot by Mark Alt.
5:47 of 1st period - Shot Misses the Net.
5:49 of 1st period - Snap shot by Akim Aliu.
5:49 of 1st period - Stopped by Scott Wedgewood without a rebound.
5:50 of 1st period - Landon Ferraro wins face-off versus John Albert in Wolves zone.
6:13 of 1st period - Wrist shot by Aaron Volpatti.
6:13 of 1st period - Stopped by Jeff Deslauriers with a rebound.
6:15 of 1st period - Snap shot by Scott Glennie.
6:15 of 1st period - Deflect By John Albert.
6:15 of 1st period - Shot Blocked by John Albert.
6:15 of 1st period - Puck is out of play.
6:16 of 1st period - Christian Hanson wins face-off versus Mitchell Heard in Griffins zone.
6:21 of 1st period - Snap shot by Ben Hanowski.
6:21 of 1st period - Stopped by Jeff Deslauriers with a rebound.
6:23 of 1st period - Snap shot by Christian Hanson.
6:23 of 1st period - Stopped by Jeff Deslauriers with a rebound.
6:25 of 1st period - Slapshot by Kent Huskins.
6:25 of 1st period - Shot Misses the Net.
6:27 of 1st period - Snap shot by Kent Huskins.
6:27 of 1st period - Shot Misses the Net.
6:29 of 1st period - Slapshot by Mark Pysyk.
6:29 of 1st period - Shot Blocked by Mike Cornell.
8:06 of 1st period - Scott Glennie is hit by John Albert and loses puck.
8:50 of 1st period - Christian Hanson is hit by Kellan Lain and loses puck.
9:24 of 1st period - Off-side.
9:25 of 1st period - Akim Aliu wins face-off versus Jordan Schroeder in neutral zone.
9:28 of 1st period - Snap shot by John Albert.
9:28 of 1st period - Deflect By Mark Pysyk.
9:28 of 1st period - Shot Blocked by Mark Pysyk.
9:28 of 1st period - Puck is out of play.
9:29 of 1st period - Cedric Paquette wins face-off versus Ben Eager in Wolves zone.
9:43 of 1st period - Daniel Carcillo and Ben Eager fight to a draw.
9:43 of 1st period - Penalty to Daniel Carcillo for Fighting.
9:43 of 1st period - Penalty to Ben Eager for Fighting.
9:44 of 1st period - John Albert wins face-off versus Jordan Schroeder in Griffins zone.
10:17 of 1st period - Slapshot by Jordan Schroeder.
10:17 of 1st period - Shot Misses the Net.
10:29 of 1st period - Aaron Volpatti is hit by Derek Meech and loses puck.
10:34 of 1st period - Wrist shot by Mike Angelidis.
10:34 of 1st period - Deflect By John McFarland.
10:34 of 1st period - Stopped by Scott Wedgewood without a rebound.
10:35 of 1st period - Cedric Paquette wins face-off versus Kellan Lain in Wolves zone.
10:46 of 1st period - Snap shot by Mike Angelidis.
10:46 of 1st period - Stopped by Scott Wedgewood with a rebound.
10:48 of 1st period - Wrist shot by Kellan Lain.
10:48 of 1st period - Stopped by Scott Wedgewood with a rebound.
10:58 of 1st period - Snap shot by Kellan Lain.
10:58 of 1st period - Stopped by Scott Wedgewood with a rebound.
11:00 of 1st period - Slapshot by Tyler Eckford.
11:00 of 1st period - Stopped by Scott Wedgewood without a rebound.
11:01 of 1st period - Paul Thompson wins face-off versus Christian Hanson in Wolves zone.
11:14 of 1st period - Wrist shot by Ben Hanowski.
11:14 of 1st period - Shot Blocked by Tyler Eckford.
11:20 of 1st period - Wrist shot by Ben Hanowski.
11:20 of 1st period - Shot Misses the Net.
11:32 of 1st period - Snap shot by Ben Hanowski.
11:32 of 1st period - Stopped by Jeff Deslauriers with a rebound.
11:34 of 1st period - Wrist shot by Christian Hanson.
11:34 of 1st period - Stopped by Jeff Deslauriers with a rebound.
12:15 of 1st period - Wrist shot by Matt Marquardt.
12:15 of 1st period - Shot Blocked by Mark Pysyk.
12:31 of 1st period - Wrist shot by Jordan Schroeder.
12:31 of 1st period - Stopped by Jeff Deslauriers with a rebound.
12:58 of 1st period - Mark Alt is hit by Landon Ferraro and loses puck.
13:09 of 1st period - Wrist shot by Yannick Weber.
13:09 of 1st period - Stopped by Jeff Deslauriers without a rebound.
13:10 of 1st period - Cedric Paquette wins face-off versus Mark Mancari in Griffins zone.
13:23 of 1st period - Chris Terry is hit by Paul Thompson and loses puck.
13:49 of 1st period - Off-side.
13:50 of 1st period - Jordan Schroeder wins face-off versus Mitchell Heard in neutral zone.
14:10 of 1st period - Backhand shot by Ryane Clowe.
14:10 of 1st period - Stopped by Jeff Deslauriers with a rebound.
14:16 of 1st period - Backhand shot by Jordan Schroeder.
14:16 of 1st period - Stopped by Jeff Deslauriers with a rebound.
14:57 of 1st period - Patrick Wellar is hit by Ben Hanowski and loses puck.
15:23 of 1st period - Daniel Carcillo is hit by Mike Angelidis and loses puck.
16:13 of 1st period - Kent Huskins is hit by Derek Meech and loses puck.
16:57 of 1st period - Derek Meech is hit by Jared Boll and loses puck.
17:06 of 1st period - Snap shot by Ryane Clowe.
17:06 of 1st period - Shot Misses the Net.
17:08 of 1st period - Wrist shot by Kent Huskins.
17:08 of 1st period - Stopped by Jeff Deslauriers with a rebound.
17:26 of 1st period - Minor Penalty to Kellan Lain for Hooking.
17:27 of 1st period - Cedric Paquette wins face-off versus Akim Aliu in Griffins zone.
19:04 of 1st period - John Albert is hit by Yannick Weber and loses puck.
19:23 of 1st period - Akim Aliu is hit by Ryane Clowe and loses puck.
19:26 of 1st period - Penalty to Kellan Lain is over, Kellan Lain is back on ice.
19:48 of 1st period - Snap shot by Aaron Volpatti.
19:48 of 1st period - Goal by Aaron Volpatti - Griffins : 0 - Wolves : 1.
19:49 of 1st period - Landon Ferraro wins face-off versus Kellan Lain in neutral zone.
Goals for this period are 0 for Griffins vs 1 for Wolves.
Shots for this period are 10 for Griffins vs 11 for Wolves.

2nd period


0:01 of 2nd period - Jordan Schroeder wins face-off versus Matt Marquardt in neutral zone.
0:23 of 2nd period - Wrist shot by Ben Eager.
0:23 of 2nd period - Deflect By Mark Mancari.
0:23 of 2nd period - Shot Misses the Net.
0:23 of 2nd period - Puck is out of play.
0:24 of 2nd period - Chris Terry wins face-off versus Kellan Lain in Wolves zone.
1:31 of 2nd period - Matt Marquardt is hit by Aaron Volpatti and loses puck.
2:11 of 2nd period - Kent Huskins is hit by Akim Aliu and loses puck.
2:57 of 2nd period - Christian Hanson beats up Ben Eager.
2:57 of 2nd period - Penalty to Christian Hanson for Fighting.
2:57 of 2nd period - Penalty to Ben Eager for Fighting.
2:58 of 2nd period - Cedric Paquette wins face-off versus Kellan Lain in Griffins zone.
3:31 of 2nd period - Off-side.
3:32 of 2nd period - Jordan Schroeder wins face-off versus Mitchell Heard in neutral zone.
3:53 of 2nd period - Slapshot by Mitchell Heard.
3:53 of 2nd period - Stopped by Scott Wedgewood without a rebound.
3:54 of 2nd period - Matt Marquardt wins face-off versus Landon Ferraro in Wolves zone.
4:05 of 2nd period - Mark Pysyk is hit by Matt Marquardt and loses puck.
4:53 of 2nd period - Daniel Carcillo is hit by Mike Angelidis and loses puck.
5:08 of 2nd period - Snap shot by Daniel Carcillo.
5:08 of 2nd period - Shot Blocked by Derek Meech.
5:26 of 2nd period - Slapshot by Mark Mancari.
5:26 of 2nd period - Shot Blocked by Chris Terry.
5:28 of 2nd period - Backhand shot by Tyler Eckford.
5:28 of 2nd period - Stopped by Scott Wedgewood without a rebound.
5:29 of 2nd period - John Albert wins face-off versus Jordan Schroeder in Wolves zone.
6:39 of 2nd period - Dane Byers is hit by Mitchell Heard and loses puck.
7:12 of 2nd period - Daniel Carcillo beats up Kellan Lain.
7:12 of 2nd period - Penalty to Daniel Carcillo for Fighting.
7:12 of 2nd period - Penalty to Kellan Lain for Fighting.
7:12 of 2nd period - Penalty to Kellan Lain for instigated a fight.
7:12 of 2nd period - Penalty to Kellan Lain for instigated a fight.
7:13 of 2nd period - Akim Aliu wins face-off versus Cedric Paquette in neutral zone.
7:27 of 2nd period - Snap shot by Chris Terry.
7:27 of 2nd period - Stopped by Jeff Deslauriers with a rebound.
7:39 of 2nd period - Mike Cornell is hit by Cedric Paquette and loses puck.
7:50 of 2nd period - Kent Huskins is hit by Mike Cornell and loses puck.
7:57 of 2nd period - Penalty to Ben Eager is over, Ben Eager is back on ice.
8:11 of 2nd period - Derek Meech is hit by Jared Boll and loses puck.
9:12 of 2nd period - Penalty to Kellan Lain is over, Farm Player15 is send on ice.
9:25 of 2nd period - Yann Sauve is hit by Tyler Eckford and loses puck.
9:34 of 2nd period - Tyler Eckford is hit by Dane Byers and loses puck.
9:43 of 2nd period - Michael Caruso is hit by Paul Thompson and loses puck.
10:07 of 2nd period - Ryane Clowe is hit by Mike Cornell and loses puck.
10:18 of 2nd period - Slapshot by Ryane Clowe.
10:18 of 2nd period - Shot Blocked by Mitchell Heard.
10:20 of 2nd period - Slapshot by Kent Huskins.
10:20 of 2nd period - Stopped by Jeff Deslauriers without a rebound.
10:21 of 2nd period - Mitchell Heard wins face-off versus Jordan Schroeder in Griffins zone.
11:09 of 2nd period - Icing by Aaron Volpatti.
11:10 of 2nd period - Landon Ferraro wins face-off versus Mitchell Heard in Wolves zone.
11:10 of 2nd period - Landon Ferraro is hit by Derek Meech.
12:16 of 2nd period - Snap shot by Akim Aliu.
12:16 of 2nd period - Deflect By John Albert.
12:16 of 2nd period - Shot Blocked by Mark Pysyk.
12:16 of 2nd period - Puck is out of play.
12:17 of 2nd period - Christian Hanson wins face-off versus Paul Thompson in Wolves zone.
12:38 of 2nd period - Slapshot by Yannick Weber.
12:38 of 2nd period - Deflect By John Albert.
12:38 of 2nd period - Stopped by Jeff Deslauriers without a rebound.
12:39 of 2nd period - Paul Thompson wins face-off versus Cedric Paquette in Griffins zone.
12:48 of 2nd period - Wrist shot by Mike Angelidis.
12:48 of 2nd period - Stopped by Scott Wedgewood with a rebound.
12:50 of 2nd period - Snap shot by John McFarland.
12:50 of 2nd period - Deflect By Mike Angelidis.
12:50 of 2nd period - Shot Misses the Net.
12:50 of 2nd period - Puck is out of play.
12:51 of 2nd period - Cedric Paquette wins face-off versus Paul Thompson in Wolves zone.
12:58 of 2nd period - Slapshot by Chris Terry.
12:58 of 2nd period - Shot Misses the Net.
13:19 of 2nd period - Ben Eager beats up Daniel Carcillo.
13:19 of 2nd period - Penalty to Daniel Carcillo for Fighting.
13:19 of 2nd period - Daniel Carcillo is ejected from game.
13:19 of 2nd period - Penalty to Ben Eager for Fighting.
13:19 of 2nd period - Ben Eager is ejected from game.
13:19 of 2nd period - Penalty to Daniel Carcillo for instigated a fight.
13:19 of 2nd period - Penalty to Daniel Carcillo for instigated and being the aggresor in a fight.
13:19 of 2nd period - Daniel Carcillo is ejected from game.
13:20 of 2nd period - Ryane Clowe wins face-off versus Matt Marquardt in Griffins zone.
13:54 of 2nd period - Icing by Mark Alt.
13:55 of 2nd period - Mitchell Heard wins face-off versus Ryane Clowe in Griffins zone.
14:06 of 2nd period - Snap shot by John McFarland.
14:06 of 2nd period - Stopped by Scott Wedgewood without a rebound.
14:07 of 2nd period - Ryane Clowe wins face-off versus Mitchell Heard in Wolves zone.
14:50 of 2nd period - Corbin McPherson is hit by Paul Thompson and loses puck.
15:19 of 2nd period - Penalty to Daniel Carcillo is over, Ben Hanowski is send on ice.
15:27 of 2nd period - Wrist shot by John Albert.
15:27 of 2nd period - Deflect By Kent Huskins.
15:27 of 2nd period - Stopped by Scott Wedgewood with a rebound.
15:31 of 2nd period - Snap shot by John Albert.
15:31 of 2nd period - Deflect By Mark Mancari.
15:31 of 2nd period - Shot Misses the Net.
15:31 of 2nd period - Puck is out of play.
15:32 of 2nd period - John Albert wins face-off versus Landon Ferraro in Wolves zone.
16:43 of 2nd period - Matt Marquardt is hit by Ben Hanowski.
16:53 of 2nd period - Wrist shot by Ben Hanowski.
16:53 of 2nd period - Shot Misses the Net.
16:55 of 2nd period - Wrist shot by Christian Hanson.
16:55 of 2nd period - Shot Misses the Net.
16:57 of 2nd period - Slapshot by Yann Sauve.
16:57 of 2nd period - Stopped by Jeff Deslauriers with a rebound.
18:06 of 2nd period - Christian Hanson is hit by Mike Angelidis and loses puck.
18:15 of 2nd period - John McFarland is hit by Dane Byers and loses puck.
19:17 of 2nd period - Mike Cornell is hit by Yannick Weber and loses puck.
19:26 of 2nd period - Mark Mancari is hit by Landon Ferraro and loses puck.
Goals for this period are 0 for Griffins vs 0 for Wolves.
Shots for this period are 5 for Griffins vs 4 for Wolves.

3rd period


0:01 of 3rd period - Jordan Schroeder wins face-off versus Matt Marquardt in neutral zone.
0:23 of 3rd period - Slapshot by Ryane Clowe.
0:23 of 3rd period - Shot Misses the Net.
0:25 of 3rd period - Slapshot by Kent Huskins.
0:25 of 3rd period - Shot Blocked by Matt Marquardt.
0:27 of 3rd period - Slapshot by Mark Pysyk.
0:27 of 3rd period - Deflect By Mark Mancari.
0:27 of 3rd period - Stopped by Jeff Deslauriers with a rebound.
0:29 of 3rd period - Wrist shot by Mark Pysyk.
0:29 of 3rd period - Stopped by Jeff Deslauriers with a rebound.
0:36 of 3rd period - Minor Penalty to Paul Thompson for Hooking.
0:37 of 3rd period - Akim Aliu wins face-off versus Cedric Paquette in Griffins zone.
1:03 of 3rd period - Wrist shot by Aaron Volpatti.
1:03 of 3rd period - Stopped by Jeff Deslauriers with a rebound.
1:43 of 3rd period - Yannick Weber is hit by Mark Alt and loses puck.
1:50 of 3rd period - Slapshot by Corbin McPherson.
1:50 of 3rd period - Shot Blocked by Mark Alt.
1:52 of 3rd period - Slapshot by Yannick Weber.
1:52 of 3rd period - Goal by Yannick Weber - Griffins : 0 - Wolves : 2.
1:53 of 3rd period - Mitchell Heard wins face-off versus Jordan Schroeder in neutral zone.
1:58 of 3rd period - Ryane Clowe is hit by Mike Cornell and loses puck.
2:11 of 3rd period - Wrist shot by Mitchell Heard.
2:11 of 3rd period - Stopped by Scott Wedgewood with a rebound.
2:12 of 3rd period - 10 Minutes Misconduct Penalty to Kellan Lain is over.
2:44 of 3rd period - Kellan Lain is hit by Dane Byers and loses puck.
2:57 of 3rd period - Minor Penalty to Dane Byers for Hooking.
2:58 of 3rd period - Matt Marquardt wins face-off versus Ryane Clowe in Wolves zone.
2:58 of 3rd period - Snap shot by Mark Mancari.
2:58 of 3rd period - Shot Blocked by Kent Huskins.
4:03 of 3rd period - Kellan Lain is hit by Chris Terry and loses puck.
4:57 of 3rd period - Penalty to Dane Byers is over, Dane Byers is back on ice.
5:02 of 3rd period - Wrist shot by Matt Marquardt.
5:02 of 3rd period - Stopped by Scott Wedgewood with a rebound.
5:08 of 3rd period - Derek Meech is hit by Jared Boll and loses puck.
5:37 of 3rd period - Wrist shot by Mitchell Heard.
5:37 of 3rd period - Stopped by Scott Wedgewood with a rebound.
5:39 of 3rd period - Wrist shot by Mitchell Heard.
5:39 of 3rd period - Deflect By Paul Thompson.
5:39 of 3rd period - Shot Misses the Net.
5:39 of 3rd period - Puck is out of play.
5:40 of 3rd period - Mitchell Heard wins face-off versus Christian Hanson in Wolves zone.
5:57 of 3rd period - Slapshot by Yannick Weber.
5:57 of 3rd period - Deflect By Ben Hanowski.
5:57 of 3rd period - Goal by Ben Hanowski - Griffins : 0 - Wolves : 3.
5:58 of 3rd period - Kellan Lain wins face-off versus Landon Ferraro in neutral zone.
6:14 of 3rd period - Landon Ferraro is hit by John McFarland and loses puck.
6:16 of 3rd period - Kellan Lain beats up Aaron Volpatti.
6:16 of 3rd period - Penalty to Aaron Volpatti for Fighting.
6:16 of 3rd period - Penalty to Kellan Lain for Fighting.
6:17 of 3rd period - Paul Thompson wins face-off versus Jordan Schroeder in Wolves zone.
6:22 of 3rd period - Snap shot by John McFarland.
6:22 of 3rd period - Goal by John McFarland - Griffins : 1 - Wolves : 3.
6:23 of 3rd period - Jordan Schroeder wins face-off versus Mitchell Heard in neutral zone.
6:34 of 3rd period - Jared Boll and Akim Aliu fight to a draw.
6:34 of 3rd period - Penalty to Jared Boll for Fighting.
6:34 of 3rd period - Penalty to Akim Aliu for Fighting.
6:35 of 3rd period - Scott Glennie wins face-off versus Matt Marquardt in Griffins zone.
6:40 of 3rd period - Snap shot by Ryane Clowe.
6:40 of 3rd period - Stopped by Jeff Deslauriers with a rebound.
6:48 of 3rd period - Snap shot by Jordan Schroeder.
6:48 of 3rd period - Shot Misses the Net.
7:06 of 3rd period - Wrist shot by Matt Marquardt.
7:06 of 3rd period - Shot Misses the Net.
7:08 of 3rd period - Slapshot by Tyler Eckford.
7:08 of 3rd period - Shot Misses the Net.
7:10 of 3rd period - Snap shot by Mark Mancari.
7:10 of 3rd period - Deflect By Matt Marquardt.
7:10 of 3rd period - Stopped by Scott Wedgewood without a rebound.
7:11 of 3rd period - Paul Thompson wins face-off versus Cedric Paquette in Wolves zone.
7:20 of 3rd period - Wrist shot by John McFarland.
7:20 of 3rd period - Shot Blocked by Corbin McPherson.
8:13 of 3rd period - Christian Hanson is hit by John Albert and loses puck.
8:19 of 3rd period - 10 Minutes Misconduct Penalty to Daniel Carcillo is over.
8:29 of 3rd period - Christian Hanson beats up Mitchell Heard.
8:29 of 3rd period - Penalty to Christian Hanson for Fighting.
8:29 of 3rd period - Penalty to Mitchell Heard for Fighting.
8:29 of 3rd period - Penalty to Mitchell Heard for instigated a fight.
8:29 of 3rd period - Penalty to Mitchell Heard for instigated a fight.
8:30 of 3rd period - Jordan Schroeder wins face-off versus Farm Player15 in neutral zone.
8:33 of 3rd period - Snap shot by Ryane Clowe.
8:33 of 3rd period - Shot Misses the Net.
8:35 of 3rd period - Slapshot by Mark Pysyk.
8:35 of 3rd period - Shot Misses the Net.
9:01 of 3rd period - Snap shot by Ryane Clowe.
9:01 of 3rd period - Shot Misses the Net.
9:17 of 3rd period - Slapshot by Tyler Eckford.
9:17 of 3rd period - Shot Misses the Net.
9:19 of 3rd period - Snap shot by Mark Mancari.
9:19 of 3rd period - Stopped by Scott Wedgewood with a rebound.
9:21 of 3rd period - Slapshot by Mark Alt.
9:21 of 3rd period - Stopped by Scott Wedgewood with a rebound.
9:37 of 3rd period - John Albert is hit by Cedric Paquette.
9:41 of 3rd period - Slapshot by Derek Meech.
9:41 of 3rd period - Shot Misses the Net.
9:59 of 3rd period - Snap shot by Ryane Clowe.
9:59 of 3rd period - Stopped by Jeff Deslauriers with a rebound.
10:03 of 3rd period - Snap shot by Ryane Clowe.
10:03 of 3rd period - Shot Misses the Net.
10:05 of 3rd period - Slapshot by Yannick Weber.
10:05 of 3rd period - Deflect By John Albert.
10:05 of 3rd period - Stopped by Jeff Deslauriers with a rebound.
10:23 of 3rd period - Wrist shot by Ryane Clowe.
10:23 of 3rd period - Shot Misses the Net.
10:25 of 3rd period - Snap shot by Scott Glennie.
10:25 of 3rd period - Shot Misses the Net.
10:27 of 3rd period - Snap shot by Ryane Clowe.
10:27 of 3rd period - Stopped by Jeff Deslauriers without a rebound.
10:28 of 3rd period - Jordan Schroeder wins face-off versus John Albert in Griffins zone.
10:29 of 3rd period - Penalty to Mitchell Heard is over, Maxim Shalunov is send on ice.
10:41 of 3rd period - Snap shot by Chris Terry.
10:41 of 3rd period - Stopped by Jeff Deslauriers with a rebound.
10:56 of 3rd period - Icing by Corbin McPherson.
10:57 of 3rd period - Cedric Paquette wins face-off versus John Albert in Wolves zone.
11:02 of 3rd period - John Albert is hit by Chris Terry and loses puck.
11:55 of 3rd period - Ryane Clowe is hit by Paul Thompson and loses puck.
12:02 of 3rd period - Mike Angelidis is hit by Jordan Schroeder and loses puck.
12:44 of 3rd period - Kent Huskins is hit by Matt Marquardt and loses puck.
13:08 of 3rd period - Slapshot by Chris Terry.
13:08 of 3rd period - Stopped by Jeff Deslauriers with a rebound.
13:14 of 3rd period - Wrist shot by Chris Terry.
13:14 of 3rd period - Shot Misses the Net.
14:23 of 3rd period - Snap shot by Chris Terry.
14:23 of 3rd period - Stopped by Jeff Deslauriers with a rebound.
15:05 of 3rd period - Aaron Volpatti beats up Matt Marquardt.
15:05 of 3rd period - Penalty to Aaron Volpatti for Fighting.
15:05 of 3rd period - Penalty to Matt Marquardt for Fighting.
15:06 of 3rd period - Akim Aliu wins face-off versus Landon Ferraro in neutral zone.
15:39 of 3rd period - Mark Alt is hit by Kent Huskins.
15:43 of 3rd period - John Albert is hit by Kent Huskins and loses puck.
16:20 of 3rd period - Slapshot by Yannick Weber.
16:20 of 3rd period - Deflect By Mark Mancari.
16:20 of 3rd period - Stopped by Jeff Deslauriers with a rebound.
17:24 of 3rd period - Backhand shot by Maxim Shalunov.
17:24 of 3rd period - Deflect By Corey Trivino.
17:24 of 3rd period - Shot Blocked by Michael Caruso.
17:24 of 3rd period - Michael Caruso from Wolves is injured at 17:24 of 3rd period (Left Knee).
17:25 of 3rd period - Jordan Schroeder wins face-off versus Paul Thompson in Wolves zone.
18:14 of 3rd period - Cedric Paquette is hit by Mike Angelidis and loses puck.
18:31 of 3rd period - Snap shot by John McFarland.
18:31 of 3rd period - Shot Misses the Net.
18:45 of 3rd period - Mark Alt is hit by Cedric Paquette and loses puck.
19:24 of 3rd period - John Albert is hit by Kent Huskins and loses puck.
19:33 of 3rd period - Wrist shot by Mark Mancari.
19:33 of 3rd period - Shot Misses the Net.
19:56 of 3rd period - Ryane Clowe is hit by Derek Meech and loses puck.
Goals for this period are 1 for Griffins vs 2 for Wolves.
Shots for this period are 7 for Griffins vs 13 for Wolves.


Output by the SimonT Hockey Simulator (STHS) for Eric Dolegowski -- Original Page W3C XHTML 1.0 Valid
Hockey Simulator - Hockey Simulation - Hockey Manager